 Dungeon Crawl Stone Soup version 0.31.0-32-g396128a36d (webtiles) character file.

Game seed: 3386418942755620651

0 Cheops the Ruffian (level 1, -2/13 HPs)
             Began as an Octopode Shapeshifter on Mar 24, 2024.
             Slain by a hobgoblin (5 damage)
             ... on level 1 of the Dungeon.
             The game lasted 00:00:17 (60 turns).

Cheops the Ruffian (Octopode Shapeshifter)            Turns: 60, Time: 00:00:18

Health: -2/13      AC:  1    Str: 13    XL:     1   Next: 10%
Magic:  1/1        EV: 13    Int: 12    God:
Gold:   10         SH:  0    Dex: 11    Spells: 0/0 levels left

rFire   . .          .
                       - Unarmed
rCold   . . .        (no shield)
rNeg    . . .        (helmet currently unavailable)
rPois   .            (no amulet)
rElec   .            (no ring)
rCorr   .            (no ring)
SInv    .            (no ring)
Will    .....        (no ring)
Stlth   ++           (no ring)
HPRegen 0.22/turn    (no ring)
MPRegen 0.07/turn    (no ring)
                     (no ring)

%: no passive effects
@: beast-form
A: beast (slay +1), almost no armour, amphibious, 8 rings, camouflage 1,
gelatinous body 1, (nimble swimmer 1), tentacles
a: Begin Untransformation


You were on level 1 of the Dungeon.
You were a hulking beast.
You visited 1 branch of the dungeon, and saw 1 of its levels.

You collected 10 gold pieces.

Inventory:

Talismans
 b - a beast talisman
 c - a flux talisman
Scrolls
 d - a scroll of vulnerability {unknown}
 e - a scroll of teleportation {unknown}
Potions
 a - a potion of lignification


   Skills:
 - Level 1.0 Fighting
 - Level 2.0 Dodging
 + Level 3.0 Unarmed Combat
 - Level 3.0 Shapeshifting


You couldn't memorise any spells.
You didn't know any spells.
Your spell library was empty.

Dungeon Overview and Level Annotations

Branches:
Dungeon (1/15)

Altars:


Innate Abilities, Weirdness & Mutations

You are a hulking beast.
Your limbs bulge with bestial killing power. (Slay +1)
You cannot wear most types of armour.
You are amphibious.
You can wear up to eight rings at the same time.
Your skin changes colour to match your surroundings (Stealth+).
Your rubbery body absorbs attacks. (AC +1, EV +1)
((You are camouflaged when in or above water. (Stealth+)))
You have tentacles for arms and can constrict up to eight enemies at once.


Message History

You are too injured to fight recklessly!
A kobold is nearby!
You barely miss the kobold. Your grab misses the kobold.
You squeeze the kobold.
You kill the kobold!
Things that are here:
a +0 short sword; 3 stones HP restored.
You now have 10 gold pieces.
e - a scroll labelled XORUTHRUVEL
Found a club.
A kobold comes into view. It is wielding a +0 club.
A kobold is nearby!
A kobold is nearby!
A kobold is nearby!
An endoplasm, a hobgoblin and a dart slug come into view.
Found a scroll labelled WUONAPPOUN and 4 stones.
The endoplasm quivers.
Found an escape hatch in the floor.
The kobold shouts!
The endoplasm hits you.
A giant cockroach comes into view.
You tentacle-slap the kobold but do no damage.
Your grab misses the kobold. The hobgoblin barely misses you.
A goblin comes into view. It is wielding a +0 club.
The kobold hits you with a +0 club.
* * * LOW HITPOINT WARNING * * *
The endoplasm closely misses you.
Unknown command.
Unknown command.
Unknown command.
The hobgoblin attacks as it pursues you!
The hobgoblin misses you.
The hobgoblin attacks as it pursues you!
The hobgoblin closely misses you. The kobold attacks as it pursues you!
The kobold hits you with a +0 club.
* * * LOW HITPOINT WARNING * * *
The hobgoblin attacks as it pursues you!
The hobgoblin hits you.
You die...

#..##.# ##.# ..(...
####..##.# ###.g##..B...
##........###............
##......................#.
##........)..#.........?...
.............##............
.#............#...Kw.....##
............#...?.?J......#
#####......####.hg).......#
...[.#...### #...........#
......#..## #.#######.#>#
..<....#..# ..# ...#
......#...##.#### ..
.....#.......#
#####............
......#....#.###.
#######....#...


You could see a dart slug, an endoplasm, a giant cockroach, a hobgoblin, a
goblin (wandering) and a kobold.

Vanquished Creatures
  A kobold (D:1)
1 creature vanquished.

Notes
Turn   | Place    | Note
-------+----------+-------------------------------------------
     0 | D:1      | Cheops the Octopode Shapeshifter began the quest for the
                  | Orb.
     0 | D:1      | Reached XP level 1. HP: 13/13 MP: 1/1
    60 | D:1      | Slain by a hobgoblin

Illustrated notes

Levels and vault maps discovered:
D:1:      scummos_arrival_hexagon, layout_rooms, minmay_misc_feat_roman,
          minmay_indecisive_spiral

Action                     || total
---------------------------++-------
  Melee: Unarmed           ||     3
         Tentacles         ||     1
 Armour: Skin              ||     5
  Dodge: Dodged            ||     6
